 Dungeon Crawl Stone Soup version 0.30-a0-125-g51eefa89be (webtiles) character file.

Game seed: 7032022506438138861

74 zxpr0jk the Chiller (level 4, -1/49 HPs)
             Began as a Draconian Ice Elementalist on Sept 18, 2022.
             Slain by Grinder (3 damage)
             ... on level 3 of the Dungeon.
             The game lasted 00:05:23 (3003 turns).

zxpr0jk the Chiller (Draconian Ice Elementalist)    Turns: 3003, Time: 00:05:23

Health: -1/49      AC: 22    Str: 10    XL:     4   Next: 10%
Magic:  6/8        EV:  2    Int: 16    God:
Gold:   157        SH:  0    Dex: 13    Spells: 7/8 levels left

rFire   + . .      SeeInvis .    b - +1 dagger (venom)
rCold   . . .      Faith    .    (no shield)
rNeg    . . .      Spirit   .    (body armour unavailable)
rPois   +          Reflect  .    (helmet currently unavailable)
rElec   .          Harm     .    (cloak currently unavailable)
rCorr   .          Rampage  .    (gloves currently unavailable)
Will    .....      NoTele   +    (boots currently unavailable)
Stlth   ++........               (no amulet)
HPRegen 0.16/turn                k - ring of protection from fire
MPRegen 0.11/turn                (no ring)

@: tree-form, invisible
A: stationary, stasis, torment immunity, boosted hp, AC +5, unfitting armour,
(cold-blooded)
a: no special abilities


You were on level 3 of the Dungeon.
You were a tree.
You visited 1 branch of the dungeon, and saw 3 of its levels.

You collected 157 gold pieces.

Inventory:

Hand Weapons
 b - a +1 dagger of venom (weapon)
Jewellery
 k - a ring of protection from fire (left branch)
Scrolls
 d - a scroll of fear {unknown}
 e - 3 scrolls of teleportation {unknown}
 h - 2 scrolls of enchant armour {unknown}
 i - 2 scrolls of brand weapon {unknown}
 l - a scroll of butterflies {unknown}
 m - a scroll of identify {unknown}
 n - a scroll of vulnerability {unknown}
Potions
 a - a potion of magic


   Skills:
 - Level 1.7 Dodging
 - Level 1.7 Stealth
 + Level 2.8 Spellcasting
 * Level 5.2 Ice Magic


You had 7 spell levels left.
You knew the following spells:

 Your Spells              Type           Power      Damage    Failure   Level
a - Freeze                Ice            72%        1d9       2%          1

Your spell library contained the following spells:

 Spells                   Type           Power      Damage    Failure   Level
 Frozen Ramparts          Ice            36%        1d6       7%          3
 Ozocubu's Armour         Ice            18%        N/A       7%          3
 Summon Small Mammal      Summ           8%         N/A       19%         1
 Cigotuvi's Dreadful Rot  Necr/Pois/Air  4%         N/A       28%         2
 Call Canine Familiar     Summ           2%         N/A       50%         3
 Kindle Blastsparks       Fire/Tloc/Air  4%         2d10      50%         3
 Summon Guardian Golem    Hex/Summ       2%         N/A       50%         3
 Hailstorm                Conj/Ice       10%        3d5       54%         4
 Dispel Undead            Necr           2%         3d7       88%         4
 Fulminant Prism          Conj/Hex       1%         3d6       88%         4
 Iskenderun's Mystic Bla  Conj/Tloc      2%         2d3       88%         4
 Lee's Rapid Deconstruct  Erth           1%         3d5*      99%         5
 Death Channel            Necr           1%         N/A       100%        6


Dungeon Overview and Level Annotations

Branches:
Dungeon (3/15)

Altars:
Elyvilon

Annotations:
D:3 Grinder


Innate Abilities, Weirdness & Mutations

You are a tree.
Your roots penetrate the ground, keeping you stationary.
You cannot be teleported.
You are immune to unholy pain and torment.
Your maximum health is greatly increased.
Your equipment is partially melded.
((Your plain brown scales are hard. (AC +5)))
You cannot fit into any form of body armour.
((You are cold-blooded and may be slowed by cold attacks.))


Message History

It was a potion of cancellation.
Your magical effects are unravelling.
You feel magically purged.
You flicker back into view.
Grinder blinks!
You fade into invisibility!
Grinder gestures at you.
You barely resist.
It was a potion of lignification.
You turn into a tree.
Your roots penetrate the ground.
Grinder gestures at you.
You suddenly lose the ability to move!
Grinder hits you but does no damage.
Grinder drinks a potion.
Grinder seems to grow stronger.
You can move again.
Unknown command.
You hit Grinder.
Grinder is poisoned.
Grinder is lightly wounded.
Grinder hits you.
* * * LOW HITPOINT WARNING * * *
You writhe in agony.
* * * LOW HITPOINT WARNING * * *
Unknown command.
Okay, then.
Casting: Freeze (safe; 2% risk of failure)
Confirm with . or Enter, or press ? or * to list all spells.
Aiming: Freeze (safe; 2% risk of failure)
Press: ? - help, Shift-Dir - straight line, f - Grinder
Aim: Grinder (lightly wounded, strong, unable to see you, poisoned)
You freeze Grinder but do no damage.
Grinder completely resists.
Grinder hits you but does no damage.
Unknown command.
Casting: Freeze (safe; 2% risk of failure)
Confirm with . or Enter, or press ? or * to list all spells.
Aiming: Freeze (safe; 2% risk of failure)
Press: ? - help, Shift-Dir - straight line, f/p - Grinder
Aim: Grinder (lightly wounded, strong, unable to see you, poisoned)
You freeze Grinder but do no damage.
Grinder completely resists.
Grinder hits you.
You die...

####### #.....# #.###.#
#.# #.# ##### ######.#
#.# #...# .......# #.#
#...# .####### #.# #.♣.#
.#########.####.5.#####
.#............+.........
....######.####...######
....# #..†..........
....# #.............
....# #.####...#####
....# #.# #...# ....#
#.# #####


You could see Grinder (strong, unable to see you, poisoned).

Vanquished Creatures
  4 adders
  A worm (D:2)
  3 endoplasms
  3 giant cockroaches
  3 hobgoblins
  2 jackals (D:1)
  A quokka (D:1)
  4 ball pythons
  4 bats
  3 frilled lizards
  5 kobolds
  3 rats
36 creatures vanquished.

Notes
Turn   | Place    | Note
-------+----------+-------------------------------------------
     0 | D:1      | zxpr0jk the Draconian Ice Elementalist began the quest for
                  | the Orb.
     0 | D:1      | Reached XP level 1. HP: 14/14 MP: 3/3
   399 | D:1      | Reached XP level 2. HP: 20/20 MP: 5/5
  1047 | D:2      | Found a faded altar of an unknown god.
  1141 | D:2      | Reached XP level 3. HP: 12/26 MP: 4/6
  2129 | D:2      | Reached skill level 5 in Ice Magic
  2718 | D:3      | Found a white marble altar of Elyvilon.
  2901 | D:3      | Reached XP level 4. HP: 24/33 MP: 8/8
  2988 | D:3      | Noticed Grinder
  2996 | D:3      | Paralysed by Grinder for 5 turns
  3001 | D:3      | HP: 2/49 [Grinder (3)]
  3003 | D:3      | Slain by Grinder

Illustrated notes

Levels and vault maps discovered:
D:1:      heliophobic_arrival_glass_houses, layout_loops_cross
D:2:      layout_basic, dreamdust_ecumenical_altar_statues
D:3:      layout_basic, amcnicky_altar_gilded, uniq_grinder, uniq_ijyb

Skill      XL: |  1  2  3 |
---------------+----------+-----
Ice Magic      | 5 |  5.2
Dodging        | |  1.7
Stealth        | |  1.7
Spellcasting   | |  2.8

Action                   |  1- 3 |  4- 6 || total
-------------------------+-------+-------++-------
Melee: Short sword       |   123 |       ||   123
       Tailslap          |    12 |     1 ||    13
       Unarmed           |     3 |       ||     3
       Punch             |     2 |       ||     2
       Dagger            |     9 |     7 ||    16
 Cast: Freeze            |    16 |     2 ||    18
  Use: Potion            |     1 |     4 ||     5
 Stab: Sleeping          |     7 |       ||     7
Armor: Skin              |    50 |     5 ||    55
Dodge: Dodged            |   112 |     4 ||   116

Table legend: (Time is in decaauts)
 A = Elapsed time spent in this place.
 B = Non-inter-level travel time spent in this place.
 C = Inter-level travel time spent in this place.
 D = Time resting spent in this place.
 E = Time spent auto-exploring this place.
 F = Levels seen in this place.
 G = Mean time per level.
                   A        B        C        D        E       F      G
               +--------+--------+--------+--------+--------+-----+--------+
         Total |   3000 |   2839 |    161 |    223 |   2217 |   3 | 1000.0 |
       Dungeon |   3000 |   2839 |    161 |    223 |   2217 |   3 | 1000.0 |
               +--------+--------+--------+--------+--------+-----+--------+

Top non-repeatable levels by time:
     D:2: 1679 daAuts
     D:1: 1035 daAuts
     D:3: 285 daAuts
